 Dungeon Crawl Stone Soup version 0.21.1-1-g345015f (webtiles) character file.

20 zishaf the Sneak (level 2, 0/19 HPs)
             Began as a Spriggan Enchanter on May 22, 2018.
             Slain by an adder (1 damage)
             ... on level 1 of the Dungeon.
             The game lasted 00:02:25 (1010 turns).

zishaf the Sneak (Spriggan Enchanter)               Turns: 1010, Time: 00:02:26

Health: 0/19       AC: 21    Str:  2 (4)  XL:     2   Next: 58%
Magic:  7/7        EV:  4    Int: 14 (16) God:
Gold:   60         SH:  0    Dex: 13 (16) Spells: 4/7 levels left

rFire    . . .     SeeInvis +   a - +1 dagger
rCold    . . .     Gourm    .   (shield restricted)
rNeg     + + +     Faith    .   (armour currently unavailable)
rPois    +         Spirit   .   (helmet currently unavailable)
rElec    .         Reflect  .   (cloak currently unavailable)
rCorr    .         Harm     .   (gloves unavailable)
MR       .....     NoTele   +   (boots unavailable)
Stlth    +++.......             (no amulet)
HPRegen  0.06/turn              (no ring)
MPRegen  0.10/turn              (no ring)

@: tree-form
A: very small, unfitting armour, see invisible, herbivore, slow metabolism 2
a: no special abilities


You were on level 1 of the Dungeon.
You were not hungry.
You were a tree.
You visited 1 branch of the dungeon, and saw 2 of its levels.

You collected 60 gold pieces.

Inventory:

Hand Weapons
 a - a +1 dagger (weapon)
Armour
 b - a +0 robe (melded)
Jewellery
 k - an uncursed ring of fire
Scrolls
 f - a scroll of immolation {unknown}
 g - a scroll of identify {unknown}
 i - a scroll of remove curse {unknown}
Potions
 j - a potion of magic
 l - a potion of cancellation
Books
 c - a book of Maledictions

   Spells                             Type                      Level
   a - Corona                         Hexes                        1
   b - Ensorcelled Hibernation        Hexes/Ice                    2
   c - Confuse                        Hexes                        3
   d - Tukima's Dance                 Hexes                        3
   e - Dazzling Spray                 Conjuration/Hexes            3
Comestibles
 d - 2 rations


   Skills:
 - Level 1.1 Short Blades
 - Level 3.0 Dodging
 + Level 5.0 Stealth
 + Level 3.2 Spellcasting
 + Level 4.1 Hexes


You had 4 spell levels left.
You knew the following spells:

 Your Spells              Type           Power        Failure   Level  Hunger
a - Ensorcelled Hibernat  Hex/Ice        #.....       14%         2    ##.....
b - Corona                Hex            ##.....      3%          1    #......


Dungeon Overview and Level Annotations

Branches:
Dungeon (2/15)

Altars:


Innate Abilities, Weirdness & Mutations

You are very small and have problems with some larger weapons.
You are too small for most types of armour.
You have supernaturally acute eyesight. (SInv)
You are a herbivore.
((You cover ground extremely quickly.))
You need consume almost no food.


Message History

You feel sick.
* * * LOW HITPOINT WARNING * * *
You feel sick.
* * * LOW HITPOINT WARNING * * *
You feel sick.
It was a potion of cancellation.
You feel magically purged.
Your magical contamination has completely faded away.
It was a potion of magic.
Magic courses through your body.
It was a potion of degeneration.
There was something very wrong with that liquid.
You feel weakened.
You feel dopey.
You feel clumsy.
It was a potion of lignification.
You turn into a tree.
Your +0 robe melds into your body.
Your roots penetrate the ground.
* * * LOW HITPOINT WARNING * * *
You feel sick.
You are no longer poisoned.
You hit the adder.
The adder is moderately wounded.
The adder bites you.
You die...

#.###.## .##....# ########
#.#.#>.# #......#
.....#.#######.####.#
....##.........####.######
..###########............#
.## ##.##...####.# .#
########.##...####.# .####
#........S♣.....##.#
....###.......####.##.##.#
.##...........##.........#
..#..##.......##.#.......#
#.#..##.......##.#.#..#.##
#.#..##.......#..#....#..#
.....##..................#
#.##†##.≈≈≈.≈≈≈≈≈.≈≈≈≈≈..#
#.##......≈.≈...≈.≈...≈..#


You could see an adder.

Vanquished Creatures
  A leopard gecko (D:1)
  2 giant cockroaches
  4 hobgoblins
  2 jackals
  3 bats (D:1)
  A frilled lizard (D:1)
  A goblin (D:1)
  A kobold (D:1)
  4 rats
19 creatures vanquished.

Notes
Turn   | Place    | Note
-------+----------+-------------------------------------------
     0 | D:1      | zishaf the Spriggan Enchanter began the quest for the Orb.
     0 | D:1      | Reached XP level 1. HP: 9/9 MP: 5/5
   382 | D:1      | Reached XP level 2. HP: 10/13 MP: 5/7
   870 | D:1      | Learned a level 2 spell: Ensorcelled Hibernation
   912 | D:1      | Reached skill level 5 in Stealth
  1010 | D:1      | Slain by an adder

Skill      XL: |  1  2 |
---------------+-------+-----
Spellcasting   | 3 |  3.2
Hexes          | 4 |  4.1
Stealth        | 5 |  5.0
Short Blades   | |  1.1
Dodging        | |  3.0

Action                   || total
-------------------------++-------
Melee: Dagger            ||    74
 Cast: Corona            ||     5
       Ensorcelled Hiber ||     5
  Use: Potion            ||     4
 Stab: Sleeping          ||    10
Armor: Robe              ||    11
Dodge: Dodged            ||    84
